 Dungeon Crawl Stone Soup version 0.31.0-32-g396128a36d (webtiles) character file.

Game seed: 7489625192612354821

4912 PaiMei the Merchant of Misery (level 10, 0/77 (79) HPs)
             Began as a Demonspawn Necromancer on Apr 6, 2024.
             Was a Believer of Kikubaaqudgha.
             Slain by a sun demon (19 damage)
             ... on level 9 of the Dungeon.
             The game lasted 00:16:55 (11217 turns).

PaiMei the Merchant of Misery (DsNe)               Turns: 11217, Time: 00:16:55

HP:   0/77 (79)     AC:  7    Str:  8    XL:     10   Next: 27%
MP:   20/20         EV: 22    Int: 19    God:    Kikubaaqudgha [**....]
Gold: 514           SH:  5    Dex: 21    Spells: 10/23 levels left

rFire   . . .        x - +3 short sword (elec)
rCold   . . .        (no shield)
rNeg    . . .        a - +0 robe
rPois   +            w - +0 helmet
rElec   .            t - +2 cloak
rCorr   .            E - +0 pair of gloves
SInv    .            (no boots)
Will    .....        c - amulet of reflection
Stlth   +++++        e - ring of poison resistance
HPRegen 0.32/turn    p - +5 ring of evasion
MPRegen 0.17/turn

%: reflection
@: lightly drained
A: thin skeletal structure 3, demonic magic 2, demonic touch 1
a: Renounce Religion, Unearth Wretches


You were on level 9 of the Dungeon.
You worshipped Kikubaaqudgha.
Kikubaaqudgha was pleased with you.
You visited 1 branch of the dungeon, and saw 9 of its levels.

You collected 514 gold pieces.

Inventory:

Hand Weapons
 x - a +3 short sword of electrocution (weapon)
 K - a +3 dagger of venom
Missiles
 L - 22 poisoned darts (quivered)
 O - 4 curare-tipped darts
Armour
 a - a +0 robe (worn)
 t - a +2 cloak (worn)
 w - a +0 helmet (worn)
 y - a +0 scale mail of positive energy
 B - a +1 ring mail of fire resistance
 E - a +0 pair of gloves (worn)
Jewellery
 c - an amulet of reflection (around neck)
 e - a ring of poison resistance (left hand)
 l - a ring of poison resistance
 p - a +5 ring of evasion (right hand)
 I - an amulet of faith
 N - a ring of see invisible
Wands
 m - a wand of flame (7)
 r - a wand of paralysis (9)
 D - a wand of digging (5)
Scrolls
 d - 5 scrolls of enchant weapon
 f - a scroll of torment {unknown}
 i - a scroll of fog {unknown}
 k - a scroll of immolation
 n - 3 scrolls of identify
 o - 2 scrolls of teleportation {unknown}
 q - a scroll of silence {unknown}
 s - 3 scrolls of noise
 C - a scroll of vulnerability {unknown}
 F - a scroll of amnesia {unknown}
 G - a scroll of revelation {unknown}
 H - a scroll of fear {unknown}
 M - a scroll of enchant armour {unknown}
Potions
 b - 4 potions of magic
 g - 2 potions of haste {unknown}
 h - a potion of brilliance {unknown}
 j - 6 potions of curing {unknown}
 u - 2 potions of degeneration {unknown}
 v - 2 potions of might {unknown}
 z - a potion of enlightenment {unknown}
 A - 4 potions of invisibility {unknown}
 J - 3 potions of attraction {unknown}
 P - a potion of berserk rage {unknown}


   Skills:
 + Level 7.3 Fighting
 + Level 7.2 Dodging
 - Level 2.2 Stealth
 + Level 7.2 Spellcasting
 + Level 9.5 Necromancy


You had 10 spell levels left.
You knew the following spells:

 Your Spells              Type           Power      Damage    Failure   Level
a - Necrotise             Necr           100%       1d9       1%          1
b - Vampiric Draining     Necr           43%        2d9       1%          3
c - Animate Dead          Necr           43%        N/A       1%          4
d - Curse of Agony        Necr           43%        N/A       5%          5

Your spell library contained the following spells:

 Spells                   Type           Power      Damage    Failure   Level
 Kiss of Death            Conj/Necr      100%       2d13      1%          1
 Sublimation of Blood     Necr           43%        N/A       1%          2
 Cigotuvi's Dreadful Rot  Necr/Alch/Air  36%        N/A       4%          2
 Magic Dart               Conj           24%        1d4       10%         1
 Sandblast                Erth           12%        2d6       10%         1
 Sting                    Conj/Alch      24%        1d4       10%         1
 Summon Small Mammal      Summ           24%        N/A       10%         1
 Lesser Beckoning         Tloc           12%        N/A       16%         2
 Mercury Vapours          Alch/Air       12%        N/A       16%         2
 Searing Ray              Conj           12%        2d4       16%         2
 Static Discharge         Conj/Air       12%        3-4/arc   16%         2
 Call Canine Familiar     Summ           6%         N/A       30%         3
 Airstrike                Air            3%         2d(1-17)  69%         4
 Fulminant Prism          Conj/Alch      3%         3d5       69%         4
 Olgreb's Toxic Radiance  Alch           6%         N/A       69%         4
 Summon Blazeheart Golem  Fire/Summ      6%         N/A       69%         4
 Summon Lightning Spire   Summ/Air       6%         N/A       69%         4
 Summon Forest            Summ/Tloc      3%         N/A       95%         5
 Dispersal                Tloc           3%         N/A       100%        6
 Summon Hydra             Summ           3%         N/A       100%        7
 Lehudib's Crystal Spear  Conj/Erth      3%         10d2      100%        8


Dungeon Overview and Level Annotations

Branches:
Dungeon (9/15)             Temple (0/1) D:6            Lair (0/5) D:8
    Orc: D:9-12

Altars:
Ashenzari
Cheibriados
Dithmenos
Gozag
Kikubaaqudgha
Vehumet

Shops:
D:1 (

Annotations:
D:3 1 runed translucent door, Crazy Yiuf
D:8 Erolcha


Innate Abilities, Weirdness & Mutations

You have an unnaturally thin skeletal structure. (Dex +6, Stealth+++)
Spells you cast may paralyse nearby enemies.
Your touch may inflict minor irresistible damage on your foes.


Message History

There is an open door here.
You now have 514 gold pieces (gained 17).
You open the door.
There is an open door here.
A chaos spawn comes into view.
A neqoxec and a rust devil come into view.
A soul eater and a sun demon come into view.
The sun demon shouts!
The rust devil screeches!
A hellwing comes into view.
There is an open door here.
You open the door.
There is an open door here.
The sun demon attacks as it pursues you!
The sun demon hits you!
You are engulfed in flames!
Casting: Vampiric Draining (safe; 1% risk of failure)
Confirm with . or Enter, or press ? or * to list all spells.
You can't see any susceptible monsters within range! (Use Z to cast anyway.)
You barely miss the sun demon. Your touch misses the sun demon.
The sun demon closely misses you.
You hit the sun demon but do no damage.
You touch the sun demon.
The sun demon is lightly wounded.
You block the sun demon's attack.
As you read the scroll labelled YWIEZX TOESOSIUNI, it crumbles to dust.
It is a scroll of enchant weapon.
Your +2 short sword of electrocution glows red for a moment.
You block the sun demon's attack.
As you read the scroll labelled RIGOIPH FICSYE, it crumbles to dust.
It is a scroll of identify.
s - 3 scrolls of noise The sun demon hits you!
You are engulfed in flames!
The sun demon misses you.
As you read the scroll labelled QORPHA DEDD, it crumbles to dust.
The creatures around you are filled with an inner flame!
It was a scroll of immolation.
The soul eater draws from the surrounding life force!
* * * LOW HITPOINT WARNING * * *
The sun demon hits you.
* * * LOW HITPOINT WARNING * * *
You are engulfed in flames!!
You die...
Kikubaaqudgha rasps: "You have failed me!
Welcome... death!"

#.## #.## #..# #..#
###'#### ##'###
#......# #....# ####
#......#
###....#######...
#......#
#.'....#.....+...
#......#
#.#....'.#####...
#......#######.#....###
#...
#......'.3..3@.##'###
#...
#......##########..#
#... ####'### ##.###
#### #.## #...# # #..#
###.# # ##.# #####.####
#3# #........# #### #.#
#......<.# #... #.#
#........###...


You could see a soul eater (inner flame) and a sun demon (inner flame).

Vanquished Creatures
  A two-headed ogre (D:9)
  A red devil (D:9)
  2 steam dragons
  3 water moccasins
  An orc warrior (D:6)
  A black bear (D:4)
  2 sky beasts (D:7)
  3 centaurs
  An ogre (D:4)
  2 kobold brigands
  3 bullfrogs
  2 gnoll sergeants
  4 scorpions
  13 wights
  5 killer bees
  3 howler monkeys (D:7)
  A bombardier beetle (D:5)
  10 orc priests
  2 jellies
  A sleepcap (D:5)
  Jessica (D:3)
  2 iguanas
  12 orc wizards
  2 hound zombies (D:3)
  Robin (D:3)
  7 gnolls
  6 adders
  A shadow imp (D:5)
  4 white imps
  An adder zombie (D:3)
  2 dart slugs (D:3)
  3 ribbon worms
  47 orcs
  2 endoplasms (D:1)
  A giant cockroach (D:4)
  5 hobgoblins
  7 jackals
  20 kobolds
  2 quokkas
  5 ball pythons
  2 bats
  4 frilled lizards
  A giant cockroach zombie (D:3)
  13 goblins
  3 rats (D:1)
215 creatures vanquished.

Vanquished Creatures (collateral kills)
  2 orcs
  3 goblins (D:3)
5 creatures vanquished.

Vanquished Creatures (others)
  A kobold (D:8)
  A butterfly (D:9)
2 creatures vanquished.

Grand Total: 222 creatures vanquished

Notes
Turn   | Place    | Note
-------+----------+-------------------------------------------
     0 | D:1      | PaiMei the Demonspawn Necromancer began the quest for the
                  | Orb.
     0 | D:1      | Reached XP level 1. HP: 13/13 MP: 3/3
   655 | D:1      | Gained mutation: Spells you cast may paralyse adjacent
                  | enemies. [demonic ancestry]
   655 | D:1      | Reached XP level 2. HP: 19/19 MP: 0/5
  1401 | D:1      | Found Bida's Weapon Boutique.
  1675 | D:2      | Found a snail-covered altar of Cheibriados.
  1837 | D:2      | Gained mutation: You have a somewhat thin skeletal
                  | structure. (Dex +2, Stealth+) [demonic ancestry]
  1837 | D:2      | Reached XP level 3. HP: 24/24 MP: 4/6
  1841 | D:2      | Learned a level 3 spell: Vampiric Draining
  1993 | D:2      | Got Sif Muna's Opusculum on Convocation
  2352 | D:2      | Found a faded altar of an unknown god.
  2352 | D:2      | Noticed a red devil
  2476 | D:3      | Noticed Jessica
  2489 | D:3      | Killed Jessica
  2490 | D:3      | Reached skill level 1 in Fighting
  2490 | D:3      | Gained mutation: Your touch may inflict minor irresistible
                  | damage on your foes. [demonic ancestry]
  2490 | D:3      | Reached XP level 4. HP: 19/32 MP: 4/8
  2605 | D:3      | Found a runed translucent door.
  2606 | D:3      | Noticed Crazy Yiuf
  2760 | D:3      | Reached skill level 5 in Necromancy
  2768 | D:3      | Reached XP level 5. HP: 34/37 MP: 4/9
  3136 | D:3      | Noticed Robin
  3151 | D:3      | Killed Robin
  3788 | D:4      | Reached XP level 6. HP: 46/46 MP: 6/11
  4552 | D:4      | Reached skill level 6 in Necromancy
  4552 | D:4      | Gained mutation: You have a moderately thin skeletal
                  | structure. (Dex +4, Stealth++) [demonic ancestry]
  4552 | D:4      | Reached XP level 7. HP: 52/52 MP: 5/13
  5201 | D:5      | Entered Level 5 of the Dungeon
  5538 | D:5      | Found an ancient bone altar of Kikubaaqudgha.
  5539 | D:5      | Found a radiant altar of Vehumet.
  5539 | D:5      | Found an opulent altar of Gozag.
  5540 | D:5      | Found a shadowy altar of Dithmenos.
  5562 | D:5      | Gained mutation: Spells you cast may paralyse nearby
                  | enemies. [demonic ancestry]
  5562 | D:5      | Reached XP level 8. HP: 60/60 MP: 10/14
  5582 | D:5      | Became a worshipper of Kikubaaqudgha
  5849 | D:5      | Found a snail-covered altar of Cheibriados.
  6302 | D:6      | Found a staircase to the Ecumenical Temple.
  6308 | D:6      | Reached skill level 7 in Necromancy
  6631 | D:6      | Reached skill level 5 in Spellcasting
  6700 | D:6      | Reached skill level 5 in Dodging
  6950 | D:6      | Found a broken altar of Ashenzari.
  7406 | D:7      | Reached * piety under Kikubaaqudgha
  7406 | D:7      | Received a gift from Kikubaaqudgha
  7407 | D:7      | Reached skill level 5 in Fighting
  7772 | D:7      | Gained mutation: You have an unnaturally thin skeletal
                  | structure. (Dex +6, Stealth+++) [demonic ancestry]
  7772 | D:7      | Reached XP level 9. HP: 63/68 MP: 3/17
  7867 | D:7      | Learned a level 4 spell: Animate Dead
  7873 | D:7      | Learned a level 5 spell: Curse of Agony
  8185 | D:7      | Reached skill level 8 in Necromancy
  9461 | D:8      | Found a staircase to the Lair.
  9469 | D:8      | Got the Compendium of Clay and Angles
  9618 | D:8      | Reached ** piety under Kikubaaqudgha
  9936 | D:9      | Noticed Erolcha
 10161 | D:9      | Reached skill level 9 in Necromancy
 10353 | D:9      | Noticed a red devil
 10368 | D:9      | Killed a red devil
 10369 | D:9      | Reached XP level 10. HP: 77/77 MP: 20/20
 10440 | D:9      | Noticed a two-headed ogre
 10448 | D:9      | Killed a two-headed ogre
 11093 | D:9      | Identified the serpent talisman of Dauxkion {rCorr}
 11185 | D:9      | Noticed a rust devil
 11186 | D:9      | Noticed a soul eater
 11186 | D:9      | Noticed a sun demon
 11217 | D:9      | Slain by a sun demon

Illustrated notes

Levels and vault maps discovered:
D:1:      beargit_arrival_greenhouse, layout_basic, serial_shops, shop,
          minmay_tetromino_s2
D:2:      layout_basic, basic_altar, dreamdust_ecumenical_altar_sealed_demon
D:3:      layout_loops_ring, serial_undead, serial_undead_d, serial_undead_c,
          serial_undead_a, serial_undead_d, small_statue_intersection,
          nicolae_figureground_sparkle, uniq_robin, uniq_jessica,
          uniq_crazy_yiuf_cottage
D:4:      layout_rooms, tso_altar, kennysheep_generic_room_5
D:5:      layout_rooms, chequers_temple_overflow_statue_of_worship,
          slow_altar_1, kennysheep_pointless_box
D:6:      layout_basic, lemuel_round_altar, nicolae_ashenzari_skybound,
          temple_pool_b
D:7:      layout_cave_pods
D:8:      layout_loops_ring, lair_entry_dummy, serial_glass, glass_columns_a,
          glass_columns_b, nicolae_figureground_pulse
D:9:      layout_roguey, nicolae_elyvilon_peaceful_grove, lemuel_blue_sif_altar,
          serial_demonic, serial_demonic_e, serial_demonic_f, serial_demonic_f,
          serial_demonic_d, minmay_pinched_square, uniq_erolcha

Skill      XL: |  1  2  3  4  5  6  7  8  9 10 |
---------------+-------------------------------+-----
Stealth        | 2 |  2.2
Dodging        | 2 3 4 5 6 7 |  7.2
Fighting       | 1 2 3 4 5 6 7 |  7.3
Necromancy     | 5 6 7 9 |  9.5
Spellcasting   | 3 4 5 6 7 |  7.2

Action                     |  1- 3 |  4- 6 |  7- 9 | 10-12 || total
---------------------------+-------+-------+-------+-------++-------
  Melee: Club              |    12 |       |       |       ||    12
         Punch             |     1 |     1 |     1 |     1 ||     4
         Mace              |    20 |     5 |       |       ||    25
         Touch             |       |    12 |    24 |    10 ||    46
         Dagger            |       |    44 |       |       ||    44
         Short sword       |       |       |   178 |    47 ||   225
   Cast: Necrotise         |    63 |    69 |    97 |     4 ||   233
         Vampiric Draining |       |     9 |    61 |     4 ||    74
         Curse of Agony    |       |       |       |     1 ||     1
    Use: Scroll            |       |       |       |     3 ||     3
   Stab: Paralysed         |     9 |     8 |    40 |     5 ||    62
 Armour: Robe              |    23 |    35 |    87 |    14 ||   159
  Dodge: Dodged            |    29 |    24 |   140 |    26 ||   219
  Block: Other             |       |       |    34 |    11 ||    45
         Reflection        |       |       |     5 |     1 ||     6
